 Dungeon Crawl Stone Soup version 0.31-a0-460-g9e667d4245 (webtiles) character file.

Game seed: 4198159279359246051

492 Unicron the Cudgeller (level 7, -13/44 HPs)
             Began as a Gargoyle Fighter on Aug 4, 2023.
             Was an Elder of Zin.
             Engulfed by a cloud of flame (31 damage)
             ... on level 5 of the Dungeon.
             The game lasted 00:26:37 (3049 turns).

Unicron the Cudgeller (Gargoyle Fighter)            Turns: 3049, Time: 00:26:38

Health: -13/44     AC: 16    Str: 21    XL:     7   Next: 14%
Magic:  7/7        EV:  6    Int:  9    God:    Zin [****..]
Gold:   339        SH:  4    Dex:  9    Spells: 6/6 levels left

rFire   . . .        s - +3 mace (holy)
rCold   . . .        c - +0 buckler
rNeg    + . .        f - +0 plate armour
rPois   ∞            (no helmet)
rElec   +            l - scarf {harm}
rCorr   .            (no gloves)
SInv    .            (no boots)
Will    .....        h - amulet of regeneration Stlth
                     (no ring)
HPRegen 1.07/turn    (no ring)
MPRegen 0.10/turn

%: harm (+30% outgoing, +20% incoming)
@: no status effects
A: sickness immunity, AC +4, negative energy resistance 1, electricity
resistance, torment resistance 1, petrification resistance
a: Renounce Religion, Recite, Vitalisation, Imprison, Donate Gold


You were on level 5 of the Dungeon.
You worshipped Zin.
Zin was greatly pleased with you.
You visited 1 branch of the dungeon, and saw 5 of its levels.
You also visited: Ossuary.

You collected 436 gold pieces.
You spent 60 gold pieces at shops.
You donated 37 gold pieces to Zin.

Inventory:

Hand Weapons
 a - a +0 flail
 b - the +6 short sword "Vowit" {pain, Str+3}
   (You found it on level 4 of the Dungeon)

   Str:       It affects your strength (+3).
   Zin disapproves of the use of such an item.
 s - a +3 mace of holy wrath (weapon)
Missiles
 i - a javelin (quivered)
Armour
 c - a +0 buckler (worn)
 f - a +0 plate armour (worn)
 l - a scarf of harm (worn)
Jewellery
 h - an amulet of regeneration (around neck)
Wands
 g - a wand of paralysis (2)
Scrolls
 j - a scroll of teleportation
 k - 3 scrolls of enchant weapon
 r - a scroll of immolation
 w - 2 scrolls of poison
Potions
 d - 2 potions of might
 e - 4 potions of mutation
 m - a potion of heal wounds
 o - 2 potions of curing
 p - 2 potions of brilliance
 t - a potion of enlightenment


   Skills:
 + Level 4.5 Fighting
 + Level 5.7 Maces & Flails
 + Level 4.6 Armour
 + Level 0.2 Dodging
 + Level 4.0 Shields


You had 6 spell levels left.
You didn't know any spells.
Your spell library contained the following spells:

 Spells                   Type           Power      Damage    Failure   Level
 Slow                     Hex            0%         N/A       100%        1
 Wereblood                Tmut           0%         N/A       100%        2
 Confusing Touch          Hex            0%         N/A       100%        3
 Gell's Gravitas          Tloc           0%         N/A       100%        3
 Ozocubu's Armour         Ice            0%         N/A       100%        3
 Teleport Other           Tloc           0%         N/A       100%        3
 Vampiric Draining        Necr           0%         2d6       100%        3
 Irradiate                Conj/Tmut      0%         3d11      100%        5
 Dispersal                Tloc           0%         N/A       100%        6
 Ozocubu's Refrigeration  Ice            0%         4d7       100%        7


Dungeon Overview and Level Annotations

Branches:
Dungeon (5/15)             Temple (0/1) D:5         Ossuary (visited)

Altars:
Dithmenos
Fedhas
Kikubaaqudgha
Qazlal
Vehumet
Xom
Zin

Shops:
D:2 !


Innate Abilities, Weirdness & Mutations

You are immune to sickness and miasma.
Your stone body is resilient. (AC +4)
You are immune to poison.
You resist negative energy. (rN+)
You are resistant to electric shocks. (rElec)
You are resistant to unholy torment.
You are immune to petrification.


Message History

You pay a tithe of 1 gold.
You now have 280 gold pieces (gained 6).
You pay a tithe of 1 gold.
You now have 291 gold pieces (gained 11).
You pay a tithe of 2 gold.
You now have 306 gold pieces (gained 15).
You pay a tithe of 1 gold.
You now have 316 gold pieces (gained 10).
You now have 322 gold pieces (gained 6).
You pay a tithe of 1 gold.
You now have 330 gold pieces (gained 8).
You pay a tithe of 1 gold.
You now have 339 gold pieces (gained 9).
There is a gate leading back out of this place here.
Welcome back to the Dungeon!
There is a collapsed entrance here.
There is an empty arch of ancient stone here.
g - a wand of paralysis (2)
There is a stone staircase leading down here.
You climb downwards.
The gnoll shouts! x3
Found 15 gold pieces.
Found a stone staircase leading down.
There is a stone staircase leading up here.
As you read the scroll labelled SICAYRGHEID, it crumbles to dust.
The creatures around you are filled with an inner flame!
It was a scroll of immolation.
As you read the scroll labelled MOAKKO OFETTUNT, it crumbles to dust.
You feel aware of your surroundings.
You sensed 2 altars, and 1 shop/portal.
It was a scroll of revelation.
The gnoll hits you but does no damage.
You hit the gnoll.
Flame seeps out of the gnoll.
The gnoll is lightly wounded.
The gnoll is engulfed in blazing flames.
The gnoll explodes!
The fiery explosion engulfs you!!
Ouch! That really hurt!
You hit the gnoll.
Flame seeps out of the gnoll.
The gnoll is lightly wounded.
You are engulfed in blazing flames.
Ouch! That really hurt!
You die...

****,,**,,*,,,<,,,*,,**,,,,,,,,,,
,,**,,**,.#.......#..##.,,,,**,,,
,,,,,,,,,.#.......#...#.,,,,**,,,
,,,,,,,,,.+.......#...+.,,,,,,,,,
,,******,##.......#..##.,,,,,,,,,
,,******,#.......##..##.,,,,,,,,,
,,,,,,,,,#.......#...#..,,,,,,,,,
,,,,,,,,,#.......#...#..,,,,*****
,,,,,,,,,#...g.g@#...#..,,,,**,,,
,,,******#.....§°######.,,,,,,,,,
+***,,,,,...>..§§§....#.,,,,,,,,,
,,,*,,,,,...$.........#.,,,,**,,,
,,,+,,,,,.............##******,,,
****,,,,,...............,,,,,*,,,
,,,,,,***#############..,,,,,*,,,
,,,,,,+,,.........#..+..,,,,,****
,,,,,,*,,,,,,,,,,,*,,*,,,,,,,*,,,


You could see 2 gnolls.

Vanquished Creatures
  3 scorpions (D:4)
  A human zombie (Ossuary)
  3 hounds (D:4)
  Natasha (D:3)
  An iguana (D:4)
  2 mummies (Ossuary)
  A gnoll (D:5)
  An adder (D:3)
  3 worms
  4 dart slugs
  An orc (D:3)
  4 bats
  6 endoplasms
  2 giant cockroaches
  7 hobgoblins
  6 jackals
  9 quokkas
  10 ball pythons
  4 frilled lizards
  2 gnoll zombies (Ossuary)
  7 goblins
  6 goblin zombies (Ossuary)
  2 hobgoblin zombies (Ossuary)
  6 kobolds
  3 orc zombies (Ossuary)
  4 rats
99 creatures vanquished.

Notes
Turn   | Place    | Note
-------+----------+-------------------------------------------
     0 | D:1      | Unicron the Gargoyle Fighter began the quest for the Orb.
     0 | D:1      | Reached XP level 1. HP: 14/14 MP: 1/1
    73 | D:1      | Reached XP level 2. HP: 8/19 MP: 2/2
   307 | D:1      | Reached XP level 3. HP: 15/24 MP: 3/3
   670 | D:2      | Found a radiant altar of Vehumet.
   797 | D:2      | Found Pamaujoj's Distillery.
   821 | D:2      | Bought a potion of heal wounds for 60 gold pieces
   952 | D:2      | Found a faded altar of an unknown god.
   987 | D:2      | Prayed at the altar of an unknown god.
   987 | D:2      | Became a worshipper of Qazlal Stormbringer
   987 | D:2      | Reached * piety under Qazlal
  1021 | D:2      | Reached skill level 3 in Maces & Flails
  1021 | D:2      | Reached XP level 4. HP: 29/29 MP: 4/4
  1199 | D:3      | Found a blossoming altar of Fedhas.
  1245 | D:3      | Found a stormy altar of Qazlal.
  1587 | D:3      | Found a shadowy altar of Dithmenos.
  1668 | D:3      | Noticed Natasha
  1680 | D:3      | Killed Natasha
  1774 | D:3      | Found a glowing silver altar of Zin.
  1787 | D:3      | Reached XP level 5. HP: 33/33 MP: 5/5
  1792 | D:3      | Fell from the grace of Qazlal
  1792 | D:3      | Became a worshipper of Zin the Law-Giver
  1990 | D:4      | Reached skill level 4 in Maces & Flails
  2215 | D:4      | Found an ancient bone altar of Kikubaaqudgha.
  2243 | D:4      | Reached * piety under Zin
  2283 | D:4      | Zin protects you from harm!
  2325 | D:4      | Reached XP level 6. HP: 38/38 MP: 6/6
  2337 | D:4      | Reached skill level 5 in Maces & Flails
  2343 | D:4      | Identified the +6 short sword "Vowit" {pain, Str+3}
  2357 | D:4      | Was placed under penance by Zin
  2371 | D:4      | Found a shimmering altar of Xom.
  2405 | D:4      | Was forgiven by Zin
  2681 | D:4      | Found a sand-covered staircase.
  2757 | Ossuary  | Entered an ossuary
  2781 | Ossuary  | Reached XP level 7. HP: 40/44 MP: 7/7
  2841 | Ossuary  | Reached ** piety under Zin
  2853 | Ossuary  | Reached *** piety under Zin
  2868 | Ossuary  | Reached **** piety under Zin
  3045 | D:5      | Entered Level 5 of the Dungeon
  3049 | D:5      | Engulfed by a cloud of flame

Illustrated notes

Levels and vault maps discovered:
D:1:      dpeg_arrival_subterranean_lakeside_camping, layout_rooms
D:2:      layout_basic, basic_altar, chequers_ecumenical_altar_simple_redux,
          serial_shops, shop
D:3:      layout_basic, grunt_temple_overflow_forces_of_nature,
          mainiacjoe_overflow_surrounded_room,
          nicolae_dithmenos_through_a_glass_darkly,
          mainiacjoe_overflow_alcove_4, uniq_natasha
D:4:      layout_loops_ring, mainiacjoe_overflow_six_doors_small,
          kennysheep_mini, grunt_nemelex_the_gamble, chequers_ossuary_entry_cave
D:5:      layout_gridville, makhleb_blood_cavern_becter,
          lemuel_zombie_altar_yredelemnul, minmay_temple_entry_steel_oval

Skill      XL: |  1  2  3  4  5  6  7 |
---------------+----------------------+-----
Fighting       | 4 |  4.5
Maces & Flails | 3 4 5 |  5.7
Armour         | 4 |  4.6
Shields        | 4 |  4.0
Dodging        | |  0.2

Action                     |  1- 3 |  4- 6 |  7- 9 || total
---------------------------+-------+-------+-------++-------
  Melee: Flail             |   148 |    61 |       ||   209
         Mace              |       |   242 |    16 ||   258
         Short sword       |       |     1 |       ||     1
  Throw: Javelin           |       |     3 |     4 ||     7
    Use: Potion            |     1 |     1 |       ||     2
         Scroll            |       |     9 |     2 ||    11
 Armour: Scale mail        |    34 |       |       ||    34
         Plate armour      |    89 |   121 |     4 ||   214
  Dodge: Dodged            |    59 |    61 |     4 ||   124
  Block: Buckler           |    36 |    43 |     1 ||    80

Table legend: (Time is in decaauts)
 A = Elapsed time spent in this place.
 B = Non-inter-level travel time spent in this place.
 C = Inter-level travel time spent in this place.
 D = Time resting spent in this place.
 E = Time spent auto-exploring this place.
 F = Levels seen in this place.
 G = Mean time per level.
                   A        B        C        D        E       F      G
               +--------+--------+--------+--------+--------+-----+--------+
         Total |   3205 |   3205 |      0 |     42 |      0 |   6 |  534.2 |
       Dungeon |   3034 |   3034 |      0 |     42 |      0 |   5 |  606.8 |
       Ossuary |    171 |    171 |      0 |      0 |      0 |   1 |  171.0 |
               +--------+--------+--------+--------+--------+-----+--------+

Top non-repeatable levels by time:
     D:4: 909 daAuts
     D:3: 862 daAuts
     D:1: 679 daAuts
     D:2: 579 daAuts
 Ossuary: 171 daAuts
     D:5: 4 daAuts
